 Dungeon Crawl Stone Soup version 0.29.1-13-g9f3cf754e1 (webtiles) character file.

Game seed: 977672732114748860

297 croobank the Sneak (level 6, 0/43 HPs)
             Began as an Octopode Delver on Jan 21, 2023.
             Killed by divine providence
             ... invoked by an orc priest
              (12 damage)
             ... on level 5 of the Dungeon.
             The game lasted 00:10:23 (4794 turns).

croobank the Sneak (Octopode Delver)                Turns: 4794, Time: 00:10:23

Health: 0/43       AC:  1    Str: 11    XL:     6   Next: 35%
Magic:  6/8        EV: 14    Int: 15    God:
Gold:   53         SH:  0    Dex: 13    Spells: 2/8 levels left

rFire   + . .      SeeInvis .   w - +0 short sword (venom)
rCold   . . .      Faith    .   (no shield)
rNeg    . . .      Spirit   .   (helmet restricted)
rPois   .          Reflect  .   (no amulet)
rElec   .          Harm     .   (no ring)
rCorr   .          Rampage  .   (no ring)
Will    .....                   (no ring)
Stlth   +++++.....              (no ring)
HPRegen 0.14/turn               (no ring)
MPRegen 0.11/turn               (no ring)
                                (no ring)
                                (no ring)

@: wereblooded
A: almost no armour, amphibious, 8 rings, camouflage 1, gelatinous body 1,
(nimble swimmer 1), tentacles, tentacle spike 1, fire resistance 1, subdued
magic 1
a: no special abilities


You were on level 5 of the Dungeon.
You visited 1 branch of the dungeon, and saw 6 of its levels.

You collected 107 gold pieces.
You spent 54 gold pieces at shops.

Inventory:

Hand Weapons
 a - a +0 hand axe
 s - a +0 dagger
 w - a +0 short sword of venom (weapon)
Missiles
 c - 18 poisoned darts (quivered)
 y - 3 silver boomerangs
Wands
 f - a wand of digging (2)
 A - a wand of roots (9)
Scrolls
 b - a scroll of fog
 d - 2 scrolls of fear
 e - a scroll of immolation {unknown}
 k - 2 scrolls of identify
 l - a scroll of brand weapon {unknown}
 m - 2 scrolls of teleportation
 n - 2 scrolls of noise {unknown}
 o - a scroll of enchant armour {unknown}
 p - a scroll of acquirement {unknown}
 r - a scroll of poison {unknown}
 u - a scroll of silence {unknown}
 v - a scroll of blinking {unknown}
Potions
 g - 3 potions of curing
 h - a potion of cancellation
 i - 4 potions of mutation
 j - a potion of attraction {unknown}
 q - 2 potions of heal wounds {unknown}
 t - 2 potions of might {unknown}
 x - 2 potions of magic {unknown}
 z - 2 potions of lignification {unknown}
 B - a potion of resistance {unknown}


   Skills:
 + Level 4.0 Fighting
 + Level 3.2 Axes
 + Level 3.3 Dodging
 + Level 7.7 Stealth
 + Level 1.8 Spellcasting
 + Level 0.0 Conjurations
 + Level 1.5 Transmutations
 + Level 0.0 Air Magic
 + Level 0.1 Poison Magic


You had 2 spell levels left.
You knew the following spells:

 Your Spells              Type           Power      Damage    Failure   Level
a - Beastly Appendage     Tmut           8%         N/A       10%         1
b - Wereblood             Tmut           4%         N/A       16%         2
c - Mephitic Cloud        Conj/Pois/Air  1%         N/A       52%         3

Your spell library contained the following spells:

 Spells                   Type           Power      Damage    Failure   Level
 Necrotise                Necr           4%         1d4       19%         1
 Spider Form              Tmut/Pois      2%         N/A       38%         3
 Ignite Poison            Fire/Tmut/Pois 2%         N/A       43%         3
 Inner Flame              Hex/Fire       1%         N/A       52%         3
 Vampiric Draining        Necr           1%         2d6       52%         3
 Cause Fear               Hex            0%         N/A       90%         4
 Summon Lightning Spire   Summ/Air       1%         N/A       90%         4
 Agony                    Necr           1%         N/A       99%         5
 Freezing Cloud           Conj/Ice/Air   0%         6-21      99%         5
 Storm Form               Tmut/Air       1%         N/A       100%        7
 Discord                  Hex            0%         N/A       100%        8
 Maxwell's Capacitive Co  Air            0%         ∞         100%        8


Dungeon Overview and Level Annotations

Branches:
Dungeon (6/15)
 Temple: D:4-7

Altars:
Kikubaaqudgha
Okawaru
Uskayaw

Shops:
D:2 *


Innate Abilities, Weirdness & Mutations

You cannot wear most types of armour.
You are amphibious.
You can wear up to eight rings at the same time.
Your skin changes colour to match your surroundings (Stealth+).
Your rubbery body absorbs attacks. (AC +1, EV +1)
((You are camouflaged when in or above water. (Stealth+)))
You have tentacles for arms and can constrict up to eight enemies at once.
One of your tentacles bears a spike.
Your flesh is heat resistant. (rF+)
Your spells are a little easier to cast, but a little less powerful.


Message History

Where to? (Enter - D:4, ? - help)
There is a stone staircase leading down here.
You climb downwards.
There is a stone staircase leading up here.
There are monsters nearby!
Casting: Wereblood (safe; 16% risk of failure)
Confirm with . or Enter, or press ? or * to list all spells.
Your blood is infused with primal strength.
The orc shouts! x2; The orc priest shouts!
You hear a shout! x2
The orc throws a stone.
The stone misses you.
An orc wizard comes into view. It is wielding a +0 dagger of venom.
The orc misses you.
A gnoll comes into view. It is wielding a +0 whip.
The orc hits you with a +0 trident.
The orc wizard shouts!
You hit the orc.
The orc is poisoned.
You grab the orc.
The orc is heavily wounded.
You constrict the orc. The orc completely misses you.
The orc hits you with a +0 trident.
A necrophage comes into view.
You hit the orc.
You feel a bit better.
You kill the orc!
The orc hits you with a +0 war axe.
A gnoll comes into view. It is wielding a +0 flail.
You closely miss the orc priest.
The gnoll shouts!
You grab the orc priest.
You pierce the orc priest.
The orc priest is lightly wounded.
You constrict the orc priest. The orc hits you with a +0 war axe!
A gnoll comes into view. It is wielding a +0 flail.
A gnoll comes into view.
It is wielding a +0 whip of electrocution.
The orc priest calls down the wrath of Beogh upon you.
Pain shoots through your body!
* * * LOW HITPOINT WARNING * * *
You release your grip on the orc priest.
You howl as the wereblood boils in your veins!
You hear a shout!
The orc priest calls down the wrath of Beogh upon you.
Beogh smites you!
You die...

####...###......#**.*,*,*
#.......##.##.#.#,.,,,,,*
#.###.#.##.##.#.#.#,,,,,*
#.##..#.##.##...#.#*,,*,*
#.##.##.##........#*,**,*
#.......##........##g**,*
#.......###...o......,,,*
#>##.##.# #...oo..ngg.,**
#.##....# #.@...g.....,*
#.####..# #.<.........,*
#.#***..# #...........,*
#..,,,,.# #.#####.##.***
###***,## #.*****.#*,*
*,* #.**,,,,.,,* *,*
#.**,**,*#** *,*
#.,,,,,,* *,***#.,,,,,,*


You could see a necrophage, an orc priest, an orc wizard, 2 gnolls and an orc.

Vanquished Creatures
  2 necrophages (D:4)
  6 gnolls
  6 adders
  2 worms
  A dart slug (D:4)
  2 orcs
  4 endoplasms
  A giant cockroach (D:1)
  6 goblins
  6 hobgoblins
  4 quokkas
  4 ball pythons
  7 bats
  8 kobolds
  3 rats
62 creatures vanquished.

Vanquished Creatures (others)
  A plant (D:3)
1 creature vanquished.

Grand Total: 63 creatures vanquished

Notes
Turn   | Place    | Note
-------+----------+-------------------------------------------
     0 | D:5      | croobank the Octopode Delver began the quest for the Orb.
     0 | D:5      | Reached XP level 1. HP: 16/16 MP: 1/1
    18 | D:6      | Noticed a kobold brigand
    49 | D:5      | Noticed an orc priest
    72 | D:5      | Noticed a hound
    72 | D:5      | Noticed a black bear
    98 | D:5      | Noticed a hound
   100 | D:4      | Noticed a necrophage
   461 | D:3      | Reached XP level 2. HP: 14/21 MP: 2/2
   687 | D:3      | Found a hide-covered altar of Uskayaw.
   717 | D:2      | Reached XP level 3. HP: 26/26 MP: 3/3
   866 | D:1      | Reached skill level 7 in Stealth
  2218 | D:1      | Reached XP level 4. HP: 11/31 MP: 4/4
  2628 | D:1      | Learned a level 1 spell: Beastly Appendage
  2632 | D:1      | Learned a level 2 spell: Wereblood
  2987 | D:2      | Identified the +0 ring mail of the Stone Wall {*Corrode
                  | rPois rC++ rN+}
  3101 | D:2      | Found Gofy's Assorted Antiques.
  3220 | D:2      | Bought a fuming amethyst potion for 27 gold pieces
  3220 | D:2      | Bought a blue potion for 27 gold pieces
  3360 | D:2      | Gained mutation: You occasionally lose the ability to drink
                  | potions when taking damage. [potion of mutation]
  3360 | D:2      | Gained mutation: Your spells are a little easier to cast,
                  | but a little less powerful. [potion of mutation]
  3360 | D:2      | Gained mutation: Your mind is acute. (Int +4, Str/Dex -1)
                  | [potion of mutation]
  3360 | D:2      | Gained mutation: Your muscles are strong. (Str +4, Int/Dex
                  | -1) [potion of mutation]
  3361 | D:2      | Lost mutation: Your muscles are strong. (Str +4, Int/Dex
                  | -1) [potion of mutation]
  3361 | D:2      | Lost mutation: Your mind is acute. (Int +4, Str/Dex -1)
                  | [potion of mutation]
  3361 | D:2      | Lost mutation: You occasionally lose the ability to drink
                  | potions when taking damage. [potion of mutation]
  3361 | D:2      | Gained mutation: Your flesh is heat resistant. (rF+)
                  | [potion of mutation]
  3361 | D:2      | Gained mutation: One of your tentacles bears a spike.
                  | [potion of mutation]
  3437 | D:3      | Found an iron altar of Okawaru.
  3581 | D:3      | Found an ancient bone altar of Kikubaaqudgha.
  3685 | D:3      | Found a faded altar of an unknown god.
  3756 | D:3      | Reached skill level 1 in Spellcasting
  3756 | D:3      | Reached XP level 5. HP: 13/37 MP: 4/6
  4148 | D:4      | Reached skill level 1 in Transmutations
  4421 | D:4      | Reached XP level 6. HP: 39/43 MP: 5/8
  4672 | D:4      | Learned a level 3 spell: Mephitic Cloud
  4794 | D:5      | Killed from afar by an orc priest

Illustrated notes

Levels and vault maps discovered:
D:1:      nicolae_arrival_memento_mori, layout_loops_ring
D:2:      layout_rooms, serial_shops, nicolae_shop_behind_doors,
          minmay_heptomino_o4
D:3:      layout_rooms, mainiacjoe_overflow_catwalk,
          mainiacjoe_overflow_catch_the_wave, shapermc_ecumenical_altar_petra,
          minmay_misc_feat_roman, hangedman_abyss_or_decor_stabs,
          kennysheep_generic_room_4
D:4:      layout_rooms, minmay_misc_feat_five
D:5:      layout_loops_cross, minivault_23
D:6:      layout_gridville, temple_pool_b, kennysheep_generic_room_9,
          uniq_sigmund

Skill      XL: |  1  2  3  4  5  6 |
---------------+-------------------+-----
Stealth        | 7 |  7.7
Spellcasting   | 1 |  1.8
Axes           | 3 |  3.2
Dodging        | 3 |  3.3
Transmutations | 1 |  1.5
Fighting       | 4 |  4.0
Poison Magic   | |  0.1

Action                   |  1- 3 |  4- 6 || total
-------------------------+-------+-------++-------
Melee: Hand axe          |    67 |    17 ||    84
       Constrict         |    19 |    20 ||    39
       Tentacles         |    10 |    11 ||    21
       Short sword       |       |    56 ||    56
       Kick              |       |    21 ||    21
       Punch             |       |     2 ||     2
Throw: Dart              |     3 |     5 ||     8
 Cast: Wereblood         |       |     5 ||     5
Evoke: Wand              |     1 |       ||     1
  Use: Scroll            |     1 |     3 ||     4
       Potion            |     1 |     3 ||     4
 Stab: Sleeping          |     9 |    14 ||    23
Armor: Skin              |     7 |     1 ||     8
Dodge: Dodged            |    34 |    30 ||    64
